Map: Overgrown Facility

Players

kasm - Winner!

  • Race: Zerg Zerg
  • League: Diamond
  • Spawn Location: 7:00

PeLLy - Winner!

  • Race: Zerg Zerg
  • League: Diamond
  • Spawn Location: 9:00

assintex

  • Race: Terran Terran
  • League: Platinum
  • Spawn Location: 1:00

Marcin

  • Race: Protoss Protoss
  • Spawn Location: 3:00

VOD

Have the link to the VOD?

Description

Time

  • Played on: July 28, 2019, 1:56 p.m.
  • Length: 5:30
Show
View Real Time Build Order
Export as new Build Order

kasm Zerg - Winner!

Build Orders: Pool First 

Get SALT Encoding   

  12  0:07  Drone  
  13  0:09  Drone  
  14  0:15  Extractor  
  14  0:16  Extractor  
  14  0:20  Drone  
  15  0:33  Spawning Pool  
  14  0:48  Extractor  
  13  0:54  Drone  
  14  1:09  Hatchery  
  13  1:13  Overlord  
  13  1:20  Drone  
  14  1:33  Drone x2  
  16  1:47  Queen  
  16  1:50  Drone  
  16  1:52  Drone  
  20  1:59  Drone  
  21  2:16  Metabolic Boost  
  21  2:26  Zergling x4  
  21  2:27  Zergling x2  
  24  2:35  Zergling x4  
  26  2:44  Zergling x4  
  28  3:09  Overlord x3  
  28  3:22  Overlord x2  
  28  3:23  Hatchery  
  27  3:36  Zergling x12  
  27  3:37  Zergling x4  
  35  3:43  Zergling x2  
  35  4:17  Zergling x2  
  35  4:18  Zergling x14  
  41  4:35  Zergling x6  
  44  4:40  Queen  
  46  4:56  Drone x2  
  46  4:57  Drone x2  
  50  5:01  Extractor  
  49  5:08  Extractor  
Show
View Real Time Build Order
Export as new Build Order

PeLLy Zerg - Winner!

Build Orders: Pool First 

Get SALT Encoding   

  12  0:00  Drone  
  13  0:11  Drone  
  14  0:17  Overlord  
  14  0:37  Drone  
  14  0:38  Spawning Pool  
  14  0:41  Drone  
  15  0:46  Drone  
  17  0:50  Drone  
  17  0:59  Drone  
  18  1:19  Hatchery  
  18  1:21  Extractor  
  18  1:22  Drone  
  17  1:27  Zergling x2  
  18  1:39  Zergling x2  
  19  1:42  Queen  
  21  1:49  Zergling x2  
  21  1:54  Overlord  
  22  2:14  Zergling x2  
  23  2:29  Queen  
  25  2:31  Zergling x4  
  26  2:53  Metabolic Boost  
  24  3:01  Drone  
  24  3:02  Drone x7  
  32  3:19  Overlord  
  32  3:32  Baneling Nest  
  31  3:38  Overlord x2  
  28  4:23  Zergling x2  
  28  4:24  Zergling x22  
  40  4:35  Zergling x2  
  41  5:01  Baneling x9  
  41  5:08  Zergling x2  
  41  5:09  Zergling x20  
Show
View Real Time Build Order
Export as new Build Order

assintex Terran 

Build Orders:  

Get SALT Encoding   

  12  0:51  SCV  
  12  0:56  Supply Depot  
  13  0:59  Command Center  
  13  1:03  SCV  
  14  1:15  SCV  
  15  1:26  Barracks  
  15  1:28  SCV  
  16  1:40  SCV  
  16  1:42  Barracks  
  16  1:44  Refinery  
  17  1:52  SCV  
  18  1:59  Supply Depot  
  18  2:04  SCV  
  19  2:16  Barracks  
  19  2:17  Marine  
  19  2:22  SCV  
  21  2:26  SCV  
  22  2:34  SCV, Marine  
  22  2:36  Marine  
  25  2:46  SCV x2  
  27  2:57  Barracks Tech Lab, Marine  
  28  3:00  SCV  
  28  3:01  SCV  
  30  3:12  SCV, Barracks Reactor  
  31  3:16  Engineering Bay  
  31  3:18  Refinery  
  31  3:21  Supply Depot  
  31  3:22  SCV  
  32  3:31  Combat Shield  
  32  3:33  Marine  
  33  3:34  SCV  
  33  3:35  Marine  
  35  3:44  Orbital Command  
  35  3:56  Marine  
  35  3:57  Missile Turret, Marine  
  35  3:59  Marine  
  38  4:13  SCV  
  38  4:14  Marine  
  40  4:19  Barracks Tech Lab  
  36  4:25  SCV  
  36  4:30  Marine x2  
  37  4:32  Marine  
  37  4:37  SCV, Marauder  
  41  4:41  Factory  
  41  4:47  Barracks  
  41  4:49  SCV, Marauder  
  44  4:54  SCV  
  44  4:57  Marine x2  
  44  4:59  Marauder  
  49  5:01  SCV  
  50  5:13  SCV  
Show
View Real Time Build Order
Export as new Build Order

Marcin Protoss 

Build Orders:  

Get SALT Encoding   

  12  0:03  Probe  
  13  0:14  Probe  
  14  0:22  Probe  
  14  0:24  Pylon  
  15  0:34  Assimilator  
  15  0:41  Probe  
  16  0:47  Gateway  
  16  0:53  Probe  
  17  1:01  Probe  
  17  1:09  Probe  
  18  1:11  Pylon  
  19  1:19  Probe  
  20  1:31  Probe  
  21  1:35  Cybernetics Core  
  21  1:43  Probe  
  22  1:52  Warp Gate  
  22  1:57  Nexus  
  22  2:00  Probe  
  23  2:12  Stalker  
  25  2:19  Pylon  
  25  2:21  Probe  
  26  2:25  Assimilator  
  26  2:33  Probe  
  26  2:34  Pylon  
  27  2:45  Probe  
  27  2:56  Stalker  
  29  3:11  Gateway x2  
  29  3:12  Probe  
  30  3:13  Probe  
  31  3:21  Probe  
  31  3:24  Probe  
  33  3:33  Gateway  
  33  3:38  Probe  
  34  3:42  Probe  
  35  3:50  Probe  
  35  3:52  Pylon  
  35  3:54  Probe  
  37  4:01  Zealot  
  37  4:02  Probe  
Tags
 
Add a new tag
Caveats
  • Supply blocks, unpowered buildings, or Contaminate may cause inaccurate times.
  • Supply counts are checked every 10 seconds.